 Dungeon Crawl Stone Soup version 0.27-a0-29-g2d0a2396b0 (webtiles) character file.

Game seed: 7633235890262752194

2856 sanka the Jinx (level 9, -3/47 HPs)
             Began as a Vampire Enchanter on Jan 3, 2021.
             Was a Believer of Hepliaklqana.
             Splashed by Pikel's acid (12 damage)
             ... on level 8 of the Dungeon.
             The game lasted 00:16:39 (8537 turns).

sanka the Jinx (Vampire Enchanter)                  Turns: 8537, Time: 00:16:40

Health: -3/47      AC:  7    Str: 13    XL:     9   Next: 46%
Magic:  3/15       EV: 18    Int: 18    God:    Hepliaklqana [**....]
Gold:   646        SH:  0    Dex: 23    Spells: 4/16 levels left

rFire    . . .     SeeInvis +   a - +0 dagger (speed)
rCold    + + .     Faith    .   (no shield)
rNeg     + + +     Spirit   .   b - +0 robe
rPois    ∞         Reflect  .   E - +0 helmet (curse)
rElec    .         Harm     .   c - +1 cloak
rCorr    .         Rampage  .   F - +0 pair of gloves
Will     .....                  q - +0 pair of boots
Stlth    ++++++....             L - amulet of magic regeneration
HPRegen  0.00/turn              H - +6 ring of dexterity
MPRegen  0.39/turn              D - +6 ring of strength

@: very slightly contaminated, bloodless
A: reduced essence, fangs 3, see invisible, unbreathing
a: Bat Form, Revivify, Renounce Religion, Recall Ancestor, Ancestor Identity


You were on level 8 of the Dungeon.
You worshipped Hepliaklqana.
Hepliaklqana was pleased with you.
You visited 2 branches of the dungeon, and saw 9 of its levels.
You also visited: Ossuary.

You collected 646 gold pieces.


Innate Abilities, Weirdness & Mutations

You do not regenerate when monsters are visible.
You are frail without blood (-20% HP).
You can heal yourself when you bite living creatures.
You are immune to poison.
You have razor-sharp teeth.
You have supernaturally acute eyesight. (SInv)
You can survive without breathing.
Your life essence is reduced to manifest your ancestor. (-10% HP)


   Skills:
 + Level 5.6 Fighting
 - Level 5.0 Short Blades
 + Level 7.2 Dodging
 - Level 8.0 Stealth
 - Level 4.0 Spellcasting
 - Level 10.0 Hexes


You had 4 spell levels left.
You knew the following spells:

 Your Spells              Type           Power        Failure   Level
x - Tukima's Dance        Hex            39%          1%          3
y - Dazzling Flash        Conj/Hex       42%          5%          3
z - Ensorcelled Hibernat  Hex/Ice        42%          2%          2
X - Confusing Touch       Hex            39%          1%          3
Z - Corona                Hex            43%          1%          1

Your spell library contained the following spells:

 Spells                   Type           Power        Failure   Level


Inventory:

Hand Weapons
 a - a +0 dagger of speed (weapon)
Armour
 b - a +0 robe (worn)
 c - a +1 cloak (worn)
 q - a +0 pair of boots (worn)
 E - a cursed +0 helmet (worn)
 F - a +0 pair of gloves (worn)
Jewellery
 D - a +6 ring of strength (right hand)
 G - an uncursed amulet of reflection
 H - a +6 ring of dexterity (left hand)
 L - an amulet of magic regeneration (around neck)
Wands
 y - a wand of iceblast (8)
 C - a wand of acid (11)
 K - a wand of digging (3)
Scrolls
 g - 5 scrolls of teleportation {@r4}
 h - a scroll of enchant weapon {unknown}
 i - 5 scrolls of magic mapping
 j - 2 scrolls of enchant armour
 k - 3 scrolls of identify {@r1}
 m - 2 scrolls of amnesia
 n - 4 scrolls of remove curse
 o - 6 scrolls of immolation {!r}
 t - a scroll of brand weapon {unknown}
 J - a scroll of fog {unknown}
Potions
 d - 3 potions of brilliance {unknown}
 e - 2 potions of haste {unknown}
 f - a potion of berserk rage {unknown}
 l - 3 potions of heal wounds {@q2}
 p - 3 potions of flight {unknown}
 r - a potion of invisibility {unknown}
 s - a potion of might {unknown}
 u - 4 potions of degeneration {unknown}
 v - 6 potions of curing {unknown}
 w - a potion of lignification {unknown}
 x - 2 potions of attraction {unknown}
 z - 3 potions of mutation {unknown}
 A - 2 potions of resistance {unknown}
 B - a potion of cancellation {unknown}
 I - a potion of magic {unknown}

Dungeon Overview and Level Annotations

Branches:
Dungeon (8/15)             Temple (1/1) D:5         Ossuary (visited)
   Lair: D:8-11

Altars:
Ashenzari
Cheibriados
Dithmenos
Elyvilon
Fedhas
Gozag
Hepliaklqana
Kikubaaqudgha
Makhleb
Nemelex Xobeh
Okawaru
Qazlal
Ru
Sif Muna
Trog
Uskayaw
Vehumet
Wu Jian
Xom
Yredelemnul
Zin
The Shining One

Annotations:
D:8 Pikel

........▒ ▒.......▒▒..▒
........▒ ▒...▒▒▒▒▒▒▒.▒
........▒ ▒...▒ ▒.▒
...5....▒ ▒...▒ ▒.▒
..5...5.▒ ▒...▒ ▒.▒▒
....o...▒ ▒...▒ ▒▒▒▒..▒▒▒
........▒ ▒...▒ ▒.......▒
.......7▒▒▒...▒▒▒▒.......▒▒▒
.......)5K'.V....+...)...+.▒
...▒▒▒▒▒▒▒▒......▒.......▒.▒
. ▒▒▒▒...▒.(.....▒.▒
▒...▒.........▒
▒▒▒▒▒...▒.........▒.
▒..........▒▒▒▒▒..▒.
▒..........▒ ▒..▒.
▒..........▒ ▒..▒.
▒..........▒ ▒▒.▒.


You could see Pikel (drained), a lemure and a friendly +2 whip of electrocution.


Message History

The lemure resists with some effort.
The lemure shouts!
The lemure barely misses you.
Aiming: Ensorcelled Hibernation (safe; 2% risk of failure)
Aim: a lemure (chance to affect: 50%)
The lemure looks drowsy...
The helpless lemure fails to defend itself.
You perforate the lemure like a sieve!!!
You kill the lemure!
That felt strangely unrewarding.
Aiming: Tukima's Dance (safe; 1% risk of failure)
Aim: Pikel, wielding a +2 whip of electrocution, wearing a +0 robe and carrying a wand of acid (8) (chance to affect: 76%)
The +2 whip of electrocution dances into the air!
Pikel zaps a wand.
The bolt of acid hits Agathoclea!
Agathoclea is splashed with acid.
The bolt of acid hits you!
You are splashed with acid!
* * * LOW HITPOINT WARNING * * *
Agathoclea hits Pikel with a +0 dagger of draining.
Agathoclea drains Pikel.
Unknown command.
Pikel zaps a wand.
The bolt of acid hits Agathoclea!
Agathoclea is splashed with acid!
Agathoclea is destroyed!
The bolt of acid hits you!
* * * LOW HITPOINT WARNING * * *
You are splashed with acid!
You die...

Action                   |  1- 3 |  4- 6 |  7- 9 || total
-------------------------+-------+-------+-------++-------
Melee: Dagger            |    61 |    88 |   207 ||   356
       Bite              |     6 |     6 |    21 ||    33
 Cast: Corona            |     5 |       |       ||     5
       Ensorcelled Hiber |    10 |    36 |    77 ||   123
       Confusing Touch   |       |     1 |    17 ||    18
       Tukima's Dance    |       |       |     1 ||     1
Invok: Recall Ancestor   |       |       |     1 ||     1
       Ancestor Life: He |       |       |     1 ||     1
 Abil: Exsanguinate      |     1 |       |       ||     1
  Use: Potion            |       |     1 |       ||     1
       Scroll            |       |       |     9 ||     9
 Stab: Sleeping          |    12 |    26 |    61 ||    99
       Confused          |       |     1 |    13 ||    14
       Distracted        |       |       |     1 ||     1
Armor: Robe              |    15 |    17 |    29 ||    61
Dodge: Dodged            |    34 |    78 |   104 ||   216
Block: Other             |       |       |    13 ||    13
       Reflection        |       |       |     1 ||     1

Levels and vault maps discovered:
D:1:      lightli_molten_gateway, layout_basic, hangedman_decor_opposing
D:2:      minmay_wonky_spiral, layout_basic
D:3:      layout_basic, cheibriados_altar_1, minmay_misc_feat_pillars
D:4:      layout_loops_ring, nicolae_ossuary_entry_ruins, uniq_eustachio
D:5:      layout_loops_corners, minmay_temple_entry_statues_fountains
D:6:      layout_gridville
D:7:      layout_rooms, nicolae_underground_beach
D:8:      layout_basic, uniq_pikel
Temple:   compressed_dpeg_triangle_lava_temple

Notes
Turn   | Place    | Note
-------+----------+-------------------------------------------
     0 | D:1      | sanka the Vampire Enchanter began the quest for the Orb.
     0 | D:1      | Reached XP level 1. HP: 13/13 MP: 3/3
    88 | D:1      | Reached skill level 5 in Stealth
   192 | D:1      | Reached XP level 2. HP: 12/19 MP: 3/5
   195 | D:1      | Learned a level 2 spell: Ensorcelled Hibernation
   603 | D:2      | Reached skill level 6 in Stealth
   689 | D:2      | Reached XP level 3. HP: 20/24 MP: 1/6
   739 | D:2      | Learned a level 3 spell: Confusing Touch
   976 | D:2      | Reached skill level 7 in Stealth
   976 | D:2      | Reached XP level 4. HP: 24/24 MP: 4/7
  1055 | D:1      | Reached skill level 8 in Stealth
  1493 | D:2      | Reached skill level 2 in Short Blades
  1796 | D:3      | Found a snail-covered altar of Cheibriados.
  2322 | D:3      | Reached XP level 5. HP: 28/28 MP: 5/8
  2631 | D:3      | Reached skill level 3 in Short Blades
  2863 | D:4      | Noticed Eustachio
  2863 | D:4      | Noticed an ogre
  2971 | D:4      | Reached skill level 4 in Short Blades
  3071 | D:4      | Killed Eustachio
  3072 | D:4      | Reached skill level 5 in Short Blades
  3072 | D:4      | Reached skill level 5 in Hexes
  3072 | D:4      | Reached XP level 6. HP: 28/32 MP: 0/9
  3190 | D:4      | Reached skill level 6 in Hexes
  3205 | D:4      | Found a sand-covered staircase.
  3216 | D:4      | Reached skill level 7 in Hexes
  3217 | Ossuary  | Entered an ossuary
  3258 | Ossuary  | Reached XP level 7. HP: 36/36 MP: 10/10
  4498 | D:4      | Reached skill level 8 in Hexes
  4626 | D:5      | Entered Level 5 of the Dungeon
  4639 | D:5      | Found a staircase to the Ecumenical Temple.
  4654 | D:5      | Reached skill level 3 in Spellcasting
  4720 | Temple   | Entered the Ecumenical Temple
  5067 | Temple   | Became a worshipper of Hepliaklqana the Forgotten
  5445 | D:5      | Reached skill level 9 in Hexes
  5547 | D:5      | Reached skill level 4 in Spellcasting
  5547 | D:5      | Reached XP level 8. HP: 28/36 MP: 9/14
  6120 | D:6      | Reached * piety under Hepliaklqana
  6136 | D:6      | Reached skill level 10 in Hexes
  6136 | D:6      | Reached skill level 1 in Fighting
  6352 | D:6      | Reached skill level 3 in Dodging
  6500 | D:6      | Reached skill level 2 in Fighting
  6778 | D:6      | Reached skill level 4 in Dodging
  6972 | D:6      | Learned a level 3 spell: Tukima's Dance
  6976 | D:6      | Learned a level 3 spell: Dazzling Flash
  7118 | D:7      | Reached skill level 3 in Fighting
  7325 | D:7      | Reached skill level 5 in Dodging
  7434 | D:7      | Reached skill level 4 in Fighting
  7654 | D:7      | Noticed a two-headed ogre
  7655 | D:7      | Reached ** piety under Hepliaklqana
  7656 | D:7      | Remembered your ancestor Agathoclea as a hexer
  7664 | D:7      | Killed a two-headed ogre
  7665 | D:7      | Reached skill level 5 in Fighting
  7665 | D:7      | Reached skill level 6 in Dodging
  7665 | D:7      | Reached XP level 9. HP: 47/47 MP: 10/15
  8169 | D:7      | Reached skill level 7 in Dodging
  8503 | D:8      | Noticed Pikel
  8537 | D:8      | Splashed by Pikel's acid

Vanquished Creatures
  A two-headed ogre (D:7)
  Eustachio (D:4)
  A hornet zombie (D:6)
  An ice beast (D:6)
  An orc warrior (D:7)
  A necrophage (D:5)
  A centaur (D:7)
  5 ogres
  3 lemures (D:8)
  2 bullfrogs
  A scorpion (D:4)
  A water moccasin skeleton (D:7)
  4 howler monkeys
  A centaur zombie (Ossuary)
  A jelly (D:5)
  4 orc wizards
  An orc priest (D:7)
  2 bullfrog skeletons
  2 iguanas
  7 worker ants
  A hound zombie (D:8)
  A hound skeleton (D:4)
  3 mummies (Ossuary)
  A howler monkey skeleton (D:7)
  13 adders
  A shadow imp (D:7)
  An ufetubus (D:6)
  2 adder skeletons
  2 worms (D:2)
  4 dart slugs
  2 leopard geckos
  21 orcs
  4 giant cockroaches
  A gnoll zombie (Ossuary)
  4 goblins
  4 hobgoblins
  5 kobolds
  3 quokkas
  2 ball pythons (D:3)
  A ball python skeleton (D:4)
  4 bats
  7 frilled lizards
  A goblin zombie (Ossuary)
  3 hobgoblin zombies (Ossuary)
  A jackal skeleton (D:4)
  A leopard gecko skeleton (D:5)
  2 orc zombies (Ossuary)
  A quokka skeleton (D:4)
  4 rats
141 creatures vanquished.

Vanquished Creatures (collateral kills)
  An iguana (D:7)
  An orc wizard (D:7)
  A shadow imp (D:7)
  2 orcs
5 creatures vanquished.

Vanquished Creatures (others)
  A hexer (D:8)
1 creature vanquished.

Grand Total: 147 creatures vanquished
